 Dungeon Sprint DCSS version 0.20-a0-640-g62ed22f (webtiles) character file.

64 Kidiri the Magician (level 3, 0/23 HPs)
             Began as a Deep Elf Fire Elementalist on Feb 11, 2017.
             Slain by a water elemental (2 damage)
             ... in the Dungeon (Sprint III: "The Ten Rune Challenge") on Feb 12, 2017.
             The game lasted 00:03:17 (386 turns).

Kidiri the Magician (Deep Elf Fire Elementalist)     Turns: 386, Time: 00:03:18

Health: 0/23       AC:  2    Str:  5    XL:     3   Next: 91%
Magic:  9/12       EV: 14    Int: 16    God:
Gold:   33         SH:  0    Dex: 15    Spells: 5/14 levels left

rFire    . . .     SeeInvis .   (no weapon)
rCold    . . .     Gourm    .   a - +0 robe
rNeg     . . .     Faith    .   (no shield)
rPois    .         Spirit   .   (no helmet)
rElec    .         Reflect  .   (no cloak)
rCorr    .         Harm     .   (no gloves)
MR       .....     Clarity  +   (no boots) Stlth ++........NoTele +
                                (no amulet)
Regen    0.1/turn               (no ring)
MPRegen  0.2/turn               (no ring)

@: no status effects
A: blink, clarity, dopey 2, robust 1
a: Blink


You were in the Dungeon.
You were not hungry.

You visited 1 branch You collected 33 gold pieces.

Inventory:

Armour
 a - a +0 robe (worn)
Scrolls
 i - a scroll of blinking
 k - a scroll of enchant weapon
 m - a scroll of torment {unknown}
 n - 5 scrolls of remove curse
 q - a scroll of immolation {unknown}
Potions
 d - a potion of curing
 e - 2 potions of heal wounds
 f - a potion of haste
 g - 2 potions of magic
 h - a potion of berserk rage
 p - 2 potions of flight
Books
 b - a book of Flames

   Spells                             Type                      Level
   a - Flame Tongue                   Conjuration/Fire             1
   b - Throw Flame                    Conjuration/Fire             2
   c - Conjure Flame                  Conjuration/Fire             3
   d - Inner Flame                    Hexes/Fire                   3
   e - Sticky Flame                   Conjuration/Fire             4
   f - Fireball                       Conjuration/Fire             5
Comestibles
 c - a bread ration
 j - 4 chunks of flesh
 o - a meat ration
 s - a royal jelly


   Skills:
 + Level 2.0 Fighting
 + Level 2.0 Armour
 + Level 4.2 Dodging
 - Level 2.4 Stealth
 * Level 6.2 Spellcasting
 + Level 3.1 Conjurations
 + Level 4.5 Fire Magic


You had 5 spell levels left.
You knew the following spells:

 Your Spells              Type           Power        Failure   Level  Hunger
a - Flame Tongue          Conj/Fire      ###..        3%          1    None
b - Throw Flame           Conj/Fire      ###...       6%          2    None
c - Conjure Flame         Conj/Fire      ###.....     12%         3    ##.....
d - Inner Flame           Hex/Fire       ##......     17%         3    ##.....


Dungeon Overview and Level Annotations

Branches:
Dungeon (1/1)

Altars:


Innate Abilities, Weirdness & Mutations

You can translocate small distances at will.
You possess an exceptional clarity of mind.
You are very dopey. (Int -4)
You are robust. (+10% HP)


Message History

Aim: a water elemental (heavily damaged)
The flame tongue hits the water elemental.
The water elemental is burned terribly!
The water elemental is almost destroyed.
Casting: Flame Tongue
Confirm with . or Enter, or press ? or * to list all spells.
Aiming: Flame Tongue
Press: ? - help, Shift-Dir - straight line, f/p - water elemental
Aim: a water elemental (almost destroyed)
The flame tongue hits the water elemental.
The water elemental is burned terribly!
The water elemental is almost destroyed.
The water elemental hits you!!
Ouch! That really hurt!
* * * LOW HITPOINT WARNING * * *
The water elemental engulfs you in water!
With effort, you pull free of the water engulfing you.
You gasp with relief as air once again reaches your lungs.
The water elemental hits you.
You die...

▓▓▓▓▓▓▓▓▓▓▓▓▓ ▓▓▓
▓<.#..+.....♣ ♣.#
▓..#..#.....♣ ♣.#
▓#'####.....♣♣ ♣.#
▓.....#....≈.♣♣♣♣.# #+#+#
▓.....#...≈≈...♣♣.#......
▓.....#..≈≈≈≈♣..@E'.§....
▓####'#..≈≈≈≈≈≈♣..#...###
▓...).#.≈≈≈≈≈≈....# ⌠.#
▓.....#.≈≈≈≈≈.....# .#
▓.....#.≈≈≈.......# #
▓'#####...........#
▓......÷..........#
▓▓▓▓▓▓▓▓▓▓▓▓▓▓▓▓▓▓▓


You could see a water elemental.

Vanquished Creatures
  Jessica (D)
  A human (D)
  A wolf (D)
  An ooze (D)
  2 rats (D)
6 creatures vanquished.

Vanquished Creatures (others)
  2 draconian scorchers (D)
  6 hellions (D)
  A plant (D)
9 creatures vanquished.

Grand Total: 15 creatures vanquished

Notes
Turn   | Place    | Note
-------+----------+-------------------------------------------
     0 | D        | Kidiri the Deep Elf Fire Elementalist began the quest for the Orb.
     0 | D        | Reached XP level 1. HP: 10/10 MP: 6/6
     0 | D        | Upgraded the game from 0.20-a0-633-gff4aa5c to 0.20-a0-640-g62ed22f
    63 | D        | Reached skill level 4 in Spellcasting
    66 | D        | Noticed Jessica
    72 | D        | Killed Jessica
    72 | D        | Reached skill level 1 in Fighting
    72 | D        | Reached skill level 1 in Armour
    72 | D        | Reached skill level 5 in Spellcasting
    72 | D        | Reached XP level 2. HP: 16/16 MP: 0/10
    72 | D        | Reached XP level 3. HP: 20/20 MP: 0/11
    76 | D        | Learned a level 2 spell: Throw Flame
    80 | D        | Learned a level 3 spell: Conjure Flame
    84 | D        | Learned a level 3 spell: Inner Flame
    94 | D        | Killed a hellion
    95 | D        | Killed a hellion
    95 | D        | Killed a hellion
   127 | D        | Killed a hellion
   131 | D        | Killed a hellion
   173 | D        | Killed a hellion
   218 | D        | Reached skill level 6 in Spellcasting
   234 | D        | Killed a white draconian scorcher
   259 | D        | Killed a white draconian scorcher
   356 | D        | Gained mutation: Your body sometimes deteriorates upon taking damage. [potion of mutation]
   356 | D        | Gained mutation: Your skin changes colour to match your surroundings (Stealth+). [potion of mutation]
   357 | D        | Lost mutation: Your body sometimes deteriorates upon taking damage. [potion of mutation]
   357 | D        | Lost mutation: Your skin changes colour to match your surroundings (Stealth+). [potion of mutation]
   357 | D        | Gained mutation: You are dopey. (Int -2) [potion of mutation]
   357 | D        | Gained mutation: You are partially covered in yellow scales. (AC +2) [potion of mutation]
   357 | D        | Gained mutation: You are very dopey. (Int -4) [potion of mutation]
   357 | D        | Gained mutation: You can translocate small distances at will. [potion of mutation]
   358 | D        | Lost mutation: You are partially covered in yellow scales. (AC +2) [potion of mutation]
   358 | D        | Gained mutation: Scrolls take you a little longer to read. [potion of mutation]
   358 | D        | Lost mutation: Scrolls take you a little longer to read. [potion of mutation]
   358 | D        | Gained mutation: You possess an exceptional clarity of mind. [potion of mutation]
   358 | D        | Gained mutation: You are robust. (+10% HP) [potion of mutation]
   382 | D        | Noticed a water elemental
   386 | D        | Slain by a water elemental

Vault maps used:
D:        dungeon_sprint_mu

Skill      XL: |  1  2  3 |
---------------+----------+-----
Spellcasting   | 5 6 |  6.2
Fighting       | 1 2 |  2.0
Armour         | 1 2 |  2.0
Dodging        | 3 4 |  4.2
Conjurations   | 2 3 |  3.1
Fire Magic     | 4 |  4.5
Stealth        | |  2.4

Action                   || total
-------------------------++-------
 Cast: Flame Tongue      ||    23
       Throw Flame       ||     2
       Conjure Flame     ||     1
  Use: Potion            ||     3
       Scroll            ||     2
Armor: Robe              ||     1
Dodge: Dodged            ||     1
